 Dungeon Crawl Stone Soup version 0.17-a0-2027-gcac42c4 (webtiles) character file.

34 Ijustatesigmund the Sneak (level 3, 0/23 HPs)
             Began as an Octopode Transmuter on Oct 10, 2015.
             Slain by a quokka (5 damage)
             ... on level 2 of the Dungeon.
             The game lasted 00:02:58 (1112 turns).

Ijustatesigmund the Sneak (Octopode Transmuter)     Turns: 1112, Time: 00:02:58

Health: 0/23       AC:  1    Str:  9    XL:     3   Next: 31%
Magic:  6/6        EV: 12    Int: 16    God:
Gold:   36         SH:  0    Dex: 12    Spells: 2 memorised, 3 levels left

rFire  . . .     SeeInvis .     g - +0 short sword
rCold  . . .     Clarity  .     (no shield)
rNeg   . . .     SustAt   .     (helmet restricted)
rPois  .         Gourm    .     (no amulet)
rElec  .         Spirit   .     (no ring)
rCorr  .         Warding  .     (no ring)
rMut   .         Stasis   .     (no ring)
MR     .....                    (no ring)
Stlth  +++.......               (no ring)
                                (no ring)
                                (no ring)
                                (no ring)

@: not resistant to hostile enchantments, fairly stealthy
A: almost no armour, amphibious, 8 rings, constrict 8, camouflage 1, gelatinous
body 1
a: no special abilities


You were on level 2 of the Dungeon.
You were not hungry.

You visited 1 branch of the dungeon, and saw 2 of its levels.

You collected 36 gold pieces.

Inventory:

Hand Weapons
 g - a +0 short sword (weapon)
Missiles
 a - 12 arrows
Scrolls
 d - 4 scrolls of identify
Books
 b - a book of Changes

   Spells                             Type                      Level
   a - Beastly Appendage              Transmutation                1
   b - Sticks to Snakes               Transmutation                2
   c - Spider Form                    Transmutation/Poison         3
   d - Ice Form                       Ice/Transmutation            4
   e - Blade Hands                    Transmutation                5
Comestibles
 c - a bread ration
 f - 3 fruits
 i - a chunk of flesh


   Skills:
 - Level 1.0 Fighting
 + Level 0.8 Short Blades
 - Level 2.0 Dodging
 + Level 3.1 Stealth
 - Level 3.0 Unarmed Combat
 - Level 2.0 Spellcasting
 + Level 2.5 Transmutations


You had 3 spell levels left.
You knew the following spells:

 Your Spells              Type           Power        Failure   Level  Hunger
a - Beastly Appendage     Trmt           #.....       10%         1    #......
b - Sticks to Snakes      Trmt           #.........   12%         2    ###....


Dungeon Overview and Level Annotations

Branches:
Dungeon (2/15)

Altars:


Innate Abilities, Weirdness & Mutations

You cannot wear most types of armour.
You are amphibious.
You can wear up to eight rings at the same time.
You can use your tentacles to constrict eight enemies at once.
Your skin changes colour to match your surroundings (Stealth).
Your rubbery body absorbs attacks (AC +1).


Message History

* * * LOW HITPOINT WARNING * * *
You closely miss the quokka. Your grab misses the quokka.
You constrict the jackal. The jackal barely misses you. The jackal bites you.
* * * LOW HITPOINT WARNING * * *
The quokka barely misses you. The jackal misses you.
Drink which item? (? for menu, Esc to quit)
You feel better.
You constrict the jackal.
You kill the jackal!
The quokka misses you. The jackal closely misses you.
You hit the quokka but do no damage. Your grab misses the quokka.
You squeeze the quokka.
The quokka is almost dead.
The quokka bites you. The jackal bites you.
* * * LOW HITPOINT WARNING * * *
You miss the quokka. You grab the quokka.
The quokka is almost dead.
You constrict the quokka, but do no damage.
The jackal bites you but does no damage.
The quokka completely misses you. The quokka bites you.
You die...

.... .... # .....
####.#..# ...
#.@r....#
#####.########h##.##.#
......................
................#.....
######.#######..###..#
#.................. ..
#.###.).#######..## #
#.# #...# .... #.#
#...# #..##


You could see a quokka and a jackal.

Vanquished Creatures
  A giant gecko (D:1)
  2 ball pythons (D:1)
  A giant cockroach (D:1)
  4 goblins
  4 hobgoblins
  2 jackals (D:2)
  A quokka (D:2)
  8 bats
  4 kobolds (D:1)
  2 rats (D:1)
29 creatures vanquished.

Notes
Turn   | Place    | Note
--------------------------------------------------------------
     0 | D:1      | Ijustatesigmund the Octopode Transmuter began the quest for the Orb.
     0 | D:1      | Reached XP level 1. HP: 13/13 MP: 3/3
    68 | D:1      | Reached skill level 1 in Stealth
   137 | D:1      | Reached XP level 2. HP: 12/18 MP: 5/5
   239 | D:1      | Learned a level 2 spell: Sticks to Snakes
   909 | D:1      | Reached XP level 3. HP: 21/23 MP: 6/6
  1109 | D:2      | HP: 1/23 [jackal (1)]
  1112 | D:2      | Slain by a quokka

Vault maps used:
D:1:      minmay_arrival_five_plusses

Action                   || total
-------------------------++-------
Melee: Unarmed           ||    36
       Short sword       ||    40
  Use: Scroll            ||     4
       Potion            ||     1
 Stab: Sleeping          ||    11
  Eat: Chunk             ||     1
